 Dungeon Crawl Stone Soup version 0.23.2-1-ga50397a (webtiles) character file.

Game seed: 8318234064657786436

1474 prawnwizard the Grappler (level 8, -3/80 HPs)
             Began as a Troll Monk on May 17, 2019.
             Was a Priest of Makhleb.
             Splashed by Ijyb's acid (12 damage)
             ... on level 5 of the Dungeon.
             The game lasted 00:06:18 (3143 turns).

prawnwizard the Grappler (Troll Monk)               Turns: 3143, Time: 00:06:18

Health: -3/80      AC:  1    Str: 25    XL:     8   Next: 49%
Magic:  7/7        EV: 12    Int:  6    God:    Makhleb [***...]
Gold:   249        SH:  0    Dex: 12    Spells: 7/7 levels left

rFire    + . .     SeeInvis .     - Unarmed
rCold    + . .     Gourm    +   (no shield)
rNeg     . . .     Faith    .   v - +1 robe {rC+ rF+}
rPois    .         Spirit   .   (helmet restricted)
rElec    .         Reflect  .   u - +1 cloak
rCorr    .         Harm     .   (gloves unavailable)
MR       .....                  (boots unavailable)
Stlth    ++........             (no amulet)
HPRegen  0.63/turn              f - ring of wizardry
MPRegen  0.10/turn              g - +3 ring of strength

@: corroded
A: large, unfitting armour, claws 3, fast metabolism 3, gourmand, regeneration
1, shaggy fur 1, tough skin 3
a: Minor Destruction, Lesser Servant of Makhleb, Renounce Religion


You were on level 5 of the Dungeon.
You worshipped Makhleb.
Makhleb was most pleased with you.
You were very full.

You visited 1 branch of the dungeon, and saw 5 of its levels.

You collected 249 gold pieces.

Inventory:

Armour
 a - a +0 robe
 u - a +1 cloak (worn)
 v - a +1 robe of resistance (worn)
Jewellery
 f - a ring of wizardry (left claw)
 g - a +3 ring of strength (right claw)
Wands
 w - a wand of digging (8)
Scrolls
 c - a scroll of random uselessness {unknown}
 d - 3 scrolls of enchant weapon {unknown}
 e - a scroll of noise {unknown}
 h - 3 scrolls of identify {unknown}
 i - 2 scrolls of magic mapping {unknown}
 j - 5 scrolls of remove curse {unknown}
 l - 2 scrolls of fog {unknown}
 n - a scroll of teleportation {unknown}
 q - 3 scrolls of enchant armour {unknown}
 r - a scroll of blinking {unknown}
 x - a scroll of amnesia {unknown}
Potions
 k - a potion of heal wounds {unknown}
 m - 2 potions of might {unknown}
 o - a potion of agility {unknown}
 p - a potion of degeneration {unknown}
 s - 2 potions of flight {unknown}
 t - a potion of haste {unknown}
Comestibles
 b - 9 rations
 z - a chunk of flesh


   Skills:
 + Level 5.0 Fighting
 + Level 5.0 Dodging
 - Level 1.0 Stealth
 * Level 8.1 Unarmed Combat


You had 7 spell levels left.
You didn't know any spells.
Your spell library was empty.

Dungeon Overview and Level Annotations

Branches:
Dungeon (5/15)
 Temple: D:4-7

Altars:
Ashenzari
Makhleb

Shops:
D:4 [

Annotations:
D:5 Ijyb


Innate Abilities, Weirdness & Mutations

You are too large for most types of armour.
You have claws for hands.
Your metabolism is lightning-fast.
You like to eat raw meat.
Your natural rate of healing is unusually fast.
You are covered in fur. (AC +1)
You have extremely tough skin. (AC +3)


Message History

The water moccasin skeleton is heavily damaged.
The water moccasin skeleton bites you.
You are too injured to fight recklessly!
You are too injured to fight recklessly!
Unknown command.
You are too injured to fight recklessly!
You closely miss the water moccasin skeleton.
The water moccasin skeleton is heavily damaged.
The water moccasin skeleton bites you.
Ijyb zaps a wand.
The bolt of acid misses you.
You barely miss the water moccasin skeleton.
The water moccasin skeleton is heavily damaged.
The water moccasin skeleton bites you!
Ijyb zaps a wand.
The bolt of acid hits the shadow imp!
The shadow imp is splashed with acid.
The acid corrodes the shadow imp!
The shadow imp dies!
The bolt of acid hits you!!
* * * LOW HITPOINT WARNING * * *
You are splashed with acid!
You die...

#. #....# #.
###.###....# #.
#..........# >
#..#.#.###....#
..#$.#.#.###..<##
....<...........#
................#
..................#
......Z@.##########
........)#
.....g...#
.#.#.##..# #...
.... #.# ##..## ...
.... .# ##.#


You could see Ijyb and a water moccasin skeleton.

Vanquished Creatures
  Grinder (D:3)
  Sigmund (D:3)
  Menkaure (D:4)
  Duvessa (D:4)
  An ogre (D:3)
  A centaur (D:4)
  Blork the orc (D:5)
  Dowan (D:4)
  A scorpion (D:4)
  3 hounds
  4 orc priests
  An orc wizard (D:4)
  Crazy Yiuf (D:4)
  3 worker ants
  Natasha (D:3)
  A hound skeleton (D:4)
  4 gnolls (D:3)
  5 adders
  6 worms
  2 dart slugs (D:1)
  2 leopard geckos
  12 orcs
  4 giant cockroaches
  6 goblins
  17 hobgoblins
  11 jackals
  A quokka (D:2)
  A ball python (D:4)
  8 bats
  9 frilled lizards
  7 kobolds
  8 rats
126 creatures vanquished.

Vanquished Creatures (others)
  A shadow imp (D:5)
1 creature vanquished.

Grand Total: 127 creatures vanquished

Notes
Turn   | Place    | Note
-------+----------+-------------------------------------------
     0 | D:1      | prawnwizard the Troll Monk began the quest for the Orb.
     0 | D:1      | Reached XP level 1. HP: 22/22 MP: 0/0
    80 | D:1      | Reached XP level 2. HP: 29/29 MP: 1/1
   329 | D:1      | Reached XP level 3. HP: 36/36 MP: 2/2
   716 | D:2      | Reached skill level 4 in Unarmed Combat
   727 | D:2      | Reached XP level 4. HP: 42/44 MP: 3/3
  1016 | D:2      | Found a burning altar of Makhleb.
  1035 | D:2      | Reached XP level 5. HP: 46/53 MP: 4/4
  1052 | D:2      | Became a worshipper of Makhleb the Destroyer
  1052 | D:2      | Reached * piety under Makhleb
  1052 | D:2      | Reached ** piety under Makhleb
  1132 | D:3      | Noticed Grinder
  1147 | D:3      | Paralysed by Grinder for 5 turns
  1170 | D:3      | Killed Grinder
  1170 | D:3      | Reached skill level 5 in Unarmed Combat
  1170 | D:3      | Reached XP level 6. HP: 20/61 MP: 5/5
  1336 | D:3      | Noticed Sigmund
  1349 | D:3      | Killed Sigmund
  1349 | D:3      | Reached skill level 6 in Unarmed Combat
  1349 | D:3      | Reached XP level 7. HP: 54/68 MP: 6/6
  1508 | D:3      | Noticed Natasha
  1515 | D:3      | Killed Natasha
  1699 | D:3      | Reached *** piety under Makhleb
  2262 | D:4      | Noticed Menkaure
  2267 | D:4      | Killed Menkaure
  2273 | D:4      | Reached skill level 7 in Unarmed Combat
  2305 | D:4      | Reached XP level 8. HP: 74/79 MP: 7/7
  2319 | D:4      | Found a shattered altar of Ashenzari.
  2388 | D:4      | Noticed Dowan
  2391 | D:4      | Noticed Duvessa
  2401 | D:4      | Killed Dowan
  2408 | D:4      | Killed Duvessa
  2588 | D:4      | Found Cerir's Antique Armour Shoppe.
  2915 | D:4      | Found a runed translucent door.
  2916 | D:4      | Noticed Crazy Yiuf
  3058 | D:4      | Reached skill level 8 in Unarmed Combat
  3073 | D:4      | Killed Crazy Yiuf
  3125 | D:5      | Entered Level 5 of the Dungeon
  3133 | D:5      | Noticed Blork the orc
  3134 | D:5      | Noticed Ijyb
  3137 | D:5      | Killed Blork the orc
  3137 | D:5      | Reached skill level 5 in Fighting
  3137 | D:5      | Reached skill level 5 in Dodging
  3143 | D:5      | Splashed by Ijyb's acid

Skill      XL: |  1  2  3  4  5  6  7  8 |
---------------+-------------------------+-----
Unarmed Combat | 4 5 6 7 8 |  8.1
Fighting       | 3 4 5 |  5.0
Dodging        | 3 4 5 |  5.0
Stealth        | |  1.0

Action                   |  1- 3 |  4- 6 |  7- 9 || total
-------------------------+-------+-------+-------++-------
Melee: Unarmed           |    89 |   115 |   138 ||   342
       Punch             |       |     6 |     3 ||     9
Invok: Minor Destruction |       |     2 |       ||     2
 Stab: Sleeping          |     2 |       |     3 ||     5
  Eat: Chunk             |    12 |     6 |    16 ||    34
Armor: Robe              |    22 |    29 |    40 ||    91
Dodge: Dodged            |    40 |    75 |    65 ||   180
